AoeStats
← Lealcinho.23

Black Forest

510003460Analyzed
2v2 RM · 4d ago on Sep 29, 2026· 38m 12s· 4 players
Game mode
Random Map
Map size
Medium (4 player)
Population
200
Speed
Normal
Resources
Standard
Victory
Conquest
Starting age
Dark Age
Ending age
Imperial Age
RankedLock teamsTeams togetherTeam positionsShared explorationLock speedFull tech treeHidden civsTurbo modeCheats
Victory
Defeat
🇺🇸 Celts · United States
916
+29
🇺🇸 Danes · United States
916
+29
🇨🇱 Mongols · Chile
897
-15
🇨🇱 Bengalis · Chile
897
-15
Fau10
0:43 Loom
13:03 Feudal Age
13:41 Man-at-Arms
16:04 Double-Bit Axe
18:43 Horse Collar
20:15 Fishing Lines
25:19 Castle Age
24:03 Arson
27:53 Wheelbarrow
31:44 Hand Cart
32:28 Long Swordsman
35:09 Bloodlines
34:59 Husbandry
35:00 Elite Skirmisher
36:27 Bow Saw
39:33 Imperial Age
37:20 Scale Barding Armor
37:16 Scale Mail Armor
37:26 Forging
37:06 Fletching
37:17 Padded Archer Armor
37:31 Gambesons
38:00 Heavy Plow
40:35 Imperial Age
Lealcinho.23
0:28 Loom
15:42 Feudal Age
17:31 Wheelbarrow
17:40 Double-Bit Axe
24:58 Castle Age
23:00 Fletching
LearnSmart
5:04 Loom
12:13 Feudal Age
12:19 Man-at-Arms
13:03 Double-Bit Axe
13:35 Horse Collar
13:49 Gold Mining
21:34 Castle Age
20:10 Stone Mining
22:44 Long Swordsman
23:10 Gambesons
23:21 Gambesons
24:08 Crossbowman
25:30 Scale Mail Armor
28:02 Bow Saw
28:03 Fletching
28:01 Town Watch
28:36 Arson
29:09 Bodkin Arrow
35:02 Forging
37:03 Wheelbarrow
The Redeemed & Bearded Kaiser
5:05 Loom
11:50 Feudal Age
14:07 Wheelbarrow
13:21 Town Watch
13:45 Double-Bit Axe
14:10 Horse Collar
15:36 Fishing Lines
20:57 Castle Age
19:20 Stone Mining
20:12 Forging
20:45 Scale Mail Armor
20:48 Arson
20:24 Man-at-Arms
21:35 Gold Mining
21:32 Gambesons
23:10 Iron Casting
23:21 Long Swordsman
29:04 Gold Shaft Mining
28:47 Hand Cart
32:50 Chain Mail Armor
32:40 Scale Barding Armor
33:06 Bow Saw
32:49 Gillnets
36:33 Heavy Plow
Connection lost

Rejoining the realm…

Still unreachable

The connection could not be restored.

Session expired

The server has moved on; the page needs a fresh start.